TOP OF THE 1ST |
Amarillo Archdukes batting - Pitching for Richmond Flairs : RHP John Smith
|
Pitching: RHP John Smith
|
|
Batting: RHB Jesús Ramos
|
0-0: Ball 1-0: Called Strike 1-1: Foul Ball, location: 2F 1-2: Strikes out swinging
|
Batting: RHB Fernando Castellanos
|
0-0: Ball 1-0: Swinging Strike 1-1: Foul Ball, location: 2F 1-2: Foul Ball, location: 2F 1-2: Ball 2-2: Ball 3-2: Base on Balls
|
Batting: SHB Álex Hernández
|
0-0: Ball 1-0: Ground out 4-3 (Groundball, 4M) Fernando Castellanos to second
|
Batting: LHB Brian Easdale
|
0-0: Ball 1-0: Swinging Strike 1-1: Swinging Strike 1-2: SINGLE (Line Drive, 56D) Fernando Castellanos to third
|
Batting: RHB Vincente Ramírez
|
0-0: Called Strike 0-1: Ball 1-1: Ball 2-1: Ground out 5-3 (Groundball, 56S)
|
Top of the 1st over - 0 runs, 1 hit, 0 errors, 2 left on base; Amarillo 0 - Richmond 0 |
BOTTOM OF THE 1ST |
Richmond Flairs batting - Pitching for Amarillo Archdukes : LHP César Galván
|
Pitching: LHP César Galván
|
|
Batting: RHB Lonson Seals
|
0-0: Ball 1-0: Called Strike 1-1: Swinging Strike 1-2: Strikes out looking
|
Batting: RHB Jack Ray
|
0-0: Ball 1-0: Called Strike 1-1: Called Strike 1-2: Foul Ball, location: 2F 1-2: Strikes out swinging
|
Batting: LHB Luis Villa
|
0-0: Ball 1-0: Ball 2-0: Called Strike 2-1: Foul Ball, location: 2F 2-2: Fly out, F9 (Flyball, 9LSF)
|
Bottom of the 1st over - 0 runs, 0 hits, 0 errors, 0 left on base; Amarillo 0 - Richmond 0 |
TOP OF THE 2ND |
Amarillo Archdukes batting - Pitching for Richmond Flairs : RHP John Smith
|
Batting: LHB António Chávez
|
0-0: Ball 1-0: Ball 2-0: Ball 3-0: Called Strike 3-1: Called Strike 3-2: DOUBLE (Flyball, 8LXD)
|
Batting: RHB Eugenio Maldonado
|
0-0: Foul Ball, location: 2F 0-1: Ball 1-1: Ball 2-1: Foul Ball, location: 2F 2-2: Ball 3-2: Strikes out looking
|
Batting: RHB Herb Bunch
|
0-0: Foul Ball, location: 2F 0-1: Foul Ball, location: 2F 0-2: Strikes out swinging
|
Batting: RHB Rich Henley
|
0-0: SINGLE (Groundball, 4MD) António Chávez to third Runner from 3rd tries for Home, SAFE, no throw
|
Batting: RHB Jesús Ramos
|
0-0: Ball 1-0: Fielders Choice at 2nd, 6-4 (Groundball, 56)
|
Top of the 2nd over - 1 run, 2 hits, 0 errors, 1 left on base; Amarillo 1 - Richmond 0 |
BOTTOM OF THE 2ND |
Richmond Flairs batting - Pitching for Amarillo Archdukes : LHP César Galván
|
Batting: LHB Sean Nicks
|
0-0: Called Strike 0-1: Swinging Strike 0-2: Strikes out looking
|
Batting: RHB Miguel Hernández
|
0-0: Ground out 4-3 (Groundball, 4)
|
Batting: LHB Roland Jones
|
0-0: SOLO HOME RUN (Flyball, 9LD), Distance : 324 ft
|
Batting: LHB R.J. Courtney
|
0-0: Foul Ball, location: 2F 0-1: Ground out 4-3 (Groundball, 4)
|
Bottom of the 2nd over - 1 run, 1 hit, 0 errors, 0 left on base; Amarillo 1 - Richmond 1 |
TOP OF THE 3RD |
Amarillo Archdukes batting - Pitching for Richmond Flairs : RHP John Smith
|
Batting: RHB Fernando Castellanos
|
0-0: Ball 1-0: Swinging Strike 1-1: Fly out, F4 (Line Drive, 4)
|
Batting: SHB Álex Hernández
|
0-0: SINGLE (Line Drive, 7S)
|
Batting: LHB Brian Easdale
|
0-0: Ball 1-0: Called Strike Throwing error on steal attempt, E2 Álex Hernández to third 1-1: Foul Ball, location: 2F 1-2: Foul Ball, location: 2F 1-2: Ball 2-2: Ball 3-2: Foul Ball, location: 2F 3-2: Foul Ball, location: 2F 3-2: SINGLE (Groundball, 6M) (infield hit) Álex Hernández scores
|
Pitching: RHP Sandro Gonzáles
|
|
Batting: RHB Vincente Ramírez
|
0-0: Foul Ball, location: 2F 0-1: Ball Brian Easdale steals 2nd base 1-1: Foul Ball, location: 2F 1-2: Foul Ball, location: 2F 1-2: Ground out 4-3 (Groundball, 4M) Brian Easdale to third
|
Batting: LHB António Chávez
|
0-0: Swinging Strike 0-1: Swinging Strike 0-2: Fly out, F7 (Flyball, 78S)
|
Top of the 3rd over - 1 run, 2 hits, 1 error, 1 left on base; Amarillo 2 - Richmond 1 |
BOTTOM OF THE 3RD |
Richmond Flairs batting - Pitching for Amarillo Archdukes : LHP César Galván
|
Batting: RHB Christian Hudson
|
0-0: Ball 1-0: Called Strike 1-1: Foul Ball, location: 2F 1-2: SINGLE (Groundball, 34D)
|
Batting: RHB Alejandro Ramos
|
0-0: Ball 1-0: Ball 2-0: Ball 3-0: Called Strike 3-1: Called Strike 3-2: Strikes out swinging Christian Hudson steals 2nd base Batter strikes out.
|
Batting: RHB Lonson Seals
|
0-0: Called Strike 0-1: Foul Ball, location: 2F 0-2: Ball 1-2: Foul Ball, location: 2F 1-2: Ball 2-2: Foul Ball, location: 2F 2-2: DOUBLE (Line Drive, 89D) Christian Hudson scores
|
Batting: RHB Jack Ray
|
0-0: Ball 1-0: Ball 2-0: Ball 3-0: Called Strike 3-1: Base on Balls
|
Batting: LHB Luis Villa
|
0-0: Foul Ball, location: 2F 0-1: Grounds into double play, 4-6-3 (Groundball, 4)
|
Bottom of the 3rd over - 1 run, 2 hits, 0 errors, 1 left on base; Amarillo 2 - Richmond 2 |
TOP OF THE 4TH |
Amarillo Archdukes batting - Pitching for Richmond Flairs : RHP Sandro Gonzáles
|
Batting: RHB Eugenio Maldonado
|
0-0: Ball 1-0: Ball 2-0: Foul Ball, location: 2F 2-1: Foul Ball, location: 2F 2-2: Foul Ball, location: 2F 2-2: Foul Ball, location: 2F 2-2: Ground out 6-3 (Groundball, 6)
|
Batting: RHB Herb Bunch
|
0-0: Ball 1-0: Ball 2-0: Fly out, F9 (Flyball, 89M)
|
Batting: RHB Rich Henley
|
0-0: Foul Ball, location: 2F 0-1: Ball 1-1: Fly out, F7 (Flyball, 7LS)
|
Top of the 4th over - 0 runs, 0 hits, 0 errors, 0 left on base; Amarillo 2 - Richmond 2 |
BOTTOM OF THE 4TH |
Richmond Flairs batting - Pitching for Amarillo Archdukes : LHP César Galván
|
Batting: LHB Sean Nicks
|
0-0: Ground out 4-3 (Groundball, 4D)
|
Batting: RHB Miguel Hernández
|
0-0: Ball 1-0: Ball 2-0: Ball 3-0: Base on Balls
|
Batting: LHB Roland Jones
|
0-0: Called Strike 0-1: Foul Ball, location: 2F 0-2: Strikes out swinging Miguel Hernández steals 2nd base Batter strikes out.
|
Batting: LHB R.J. Courtney
|
0-0: Ball 1-0: Ball 2-0: Ball 3-0: Base on Balls
|
Batting: RHB Christian Hudson
|
0-0: Foul Ball, location: 2F 0-1: Foul Ball, location: 2F 0-2: SINGLE (Line Drive, 78S) Miguel Hernández to third R.J. Courtney to second Runner from 3rd tries for Home, SAFE, no throw
|
Batting: RHB Alejandro Ramos
|
0-0: Called Strike 0-1: Ball 1-1: Ball 2-1: SINGLE (Groundball, 6MD) R.J. Courtney to third Christian Hudson to second Runner from 3rd tries for Home, SAFE, no throw
|
Batting: RHB Lonson Seals
|
0-0: Ball 1-0: Called Strike 1-1: Fly out, F8 (Flyball, 8RD)
|
Bottom of the 4th over - 2 runs, 2 hits, 0 errors, 2 left on base; Amarillo 2 - Richmond 4 |
TOP OF THE 5TH |
Amarillo Archdukes batting - Pitching for Richmond Flairs : RHP Sandro Gonzáles
|
Batting: RHB Jesús Ramos
|
0-0: Ball 1-0: Ball 2-0: Called Strike 2-1: DOUBLE (Line Drive, 7LD)
|
Batting: RHB Fernando Castellanos
|
0-0: Ball 1-0: Called Strike 1-1: Called Strike 1-2: Ball 2-2: Foul Ball, location: 2F 2-2: Strikes out swinging
|
Batting: SHB Álex Hernández
|
0-0: Foul Ball, location: 2F 0-1: Foul Ball, location: 2F 0-2: Ball 1-2: Ball Wild Pitch! Jesús Ramos to third 2-2: Foul Ball, location: 2F 2-2: Ball 3-2: Base on Balls
|
Batting: LHB Brian Easdale
|
0-0: Ball 1-0: Ball Álex Hernández steals 2nd base 2-0: Ball 3-0: Base on Balls
|
Batting: RHB Vincente Ramírez
|
0-0: Ball 1-0: Called Strike 1-1: Ball 2-1: Ball 3-1: Called Strike 3-2: Foul Ball, location: 2F 3-2: Strikes out swinging
|
Batting: LHB António Chávez
|
0-0: Ball 1-0: GRAND SLAM HOME RUN (Flyball, 9D), Distance : 365 ft
|
Batting: RHB Eugenio Maldonado
|
0-0: Ball 1-0: Called Strike 1-1: Ball 2-1: Foul Ball, location: 2F 2-2: Fly out, F8 (Flyball, 8RD)
|
Top of the 5th over - 4 runs, 2 hits, 0 errors, 0 left on base; Amarillo 6 - Richmond 4 |
BOTTOM OF THE 5TH |
Richmond Flairs batting - Pitching for Amarillo Archdukes : LHP César Galván
|
Batting: RHB Jack Ray
|
0-0: Called Strike 0-1: Ball 1-1: Fly out, F9 (Flyball, 9S)
|
Batting: LHB Luis Villa
|
0-0: Foul Ball, location: 2F 0-1: Ball 1-1: Foul Ball, location: 2F 1-2: Fly out, F3 (Popup, 34S)
|
Batting: LHB Sean Nicks
|
0-0: Ball 1-0: Ground out 4-3 (Groundball, 34)
|
Bottom of the 5th over - 0 runs, 0 hits, 0 errors, 0 left on base; Amarillo 6 - Richmond 4 |
TOP OF THE 6TH |
Amarillo Archdukes batting - Pitching for Richmond Flairs : RHP Sandro Gonzáles
|
Batting: RHB Herb Bunch
|
0-0: Ball 1-0: Ball 2-0: Fly out, F9 (Line Drive, 9S)
|
Batting: RHB Rich Henley
|
0-0: Called Strike 0-1: Ball 1-1: Fly out, F8 (Flyball, 8RM)
|
Pitching: LHP José Morán
|
|
Batting: RHB Jesús Ramos
|
0-0: DOUBLE (Line Drive, 7LD)
|
Batting: RHB Fernando Castellanos
|
0-0: Ball 1-0: Ball 2-0: Swinging Strike 2-1: Foul Ball, location: 2F 2-2: Ball 3-2: Strikes out swinging
|
Top of the 6th over - 0 runs, 1 hit, 0 errors, 1 left on base; Amarillo 6 - Richmond 4 |
BOTTOM OF THE 6TH |
Richmond Flairs batting - Pitching for Amarillo Archdukes : LHP César Galván
|
Batting: RHB Miguel Hernández
|
0-0: Swinging Strike 0-1: Called Strike 0-2: Strikes out swinging
|
Batting: LHB Roland Jones
|
0-0: Called Strike 0-1: Foul Ball, location: 2F 0-2: Ball 1-2: DOUBLE (Line Drive, 7LS)
|
Batting: LHB R.J. Courtney
|
0-0: Ball 1-0: Foul Ball, location: 2F 1-1: Ball 2-1: Ball 3-1: Base on Balls
|
Batting: RHB Christian Hudson
|
0-0: Called Strike 0-1: Swinging Strike 0-2: Strikes out swinging
|
Batting: RHB Alejandro Ramos
|
0-0: Called Strike 0-1: Foul Ball, location: 2F 0-2: Strikes out looking
|
Bottom of the 6th over - 0 runs, 1 hit, 0 errors, 2 left on base; Amarillo 6 - Richmond 4 |
TOP OF THE 7TH |
Amarillo Archdukes batting - Pitching for Richmond Flairs : LHP José Morán
|
Batting: SHB Álex Hernández
|
0-0: Called Strike 0-1: Foul Ball, location: 2F 0-2: Strikes out looking
|
Batting: LHB Brian Easdale
|
0-0: Ball 1-0: Ball 2-0: Ball 3-0: Base on Balls
|
Batting: RHB Vincente Ramírez
|
0-0: Called Strike 0-1: Called Strike 0-2: Strikes out swinging
|
Batting: LHB António Chávez
|
0-0: Foul Ball, location: 2F 0-1: Ball 1-1: Ball 2-1: Ball 3-1: Ground out 1-3 (Groundball, 13S)
|
Top of the 7th over - 0 runs, 0 hits, 0 errors, 1 left on base; Amarillo 6 - Richmond 4 |
BOTTOM OF THE 7TH |
Richmond Flairs batting - Pitching for Amarillo Archdukes : LHP César Galván
|
Pitching: RHP Domingo León
|
|
Batting: RHB Lonson Seals
|
0-0: Ball 1-0: Ball 2-0: DOUBLE (Groundball, 5L)
|
Batting: RHB Jack Ray
|
0-0: Ball 1-0: Called Strike 1-1: Swinging Strike 1-2: Ball 2-2: Strikes out swinging
|
Batting: LHB Luis Villa
|
0-0: Ball 1-0: Fly out, F9 (Flyball, 9S)
|
Batting: LHB Sean Nicks
|
0-0: Called Strike 0-1: Foul Ball, location: 2F 0-2: Strikes out swinging
|
Bottom of the 7th over - 0 runs, 1 hit, 0 errors, 1 left on base; Amarillo 6 - Richmond 4 |
TOP OF THE 8TH |
Amarillo Archdukes batting - Pitching for Richmond Flairs : LHP José Morán
|
Batting: RHB Eugenio Maldonado
|
0-0: Ball 1-0: Foul Ball, location: 2F 1-1: Ball 2-1: Ball 3-1: Called Strike 3-2: Foul Ball, location: 2F 3-2: Base on Balls
|
Batting: RHB Herb Bunch
|
0-0: Ball 1-0: Ball 2-0: Ball 3-0: Called Strike 3-1: Base on Balls Eugenio Maldonado to second
|
Batting: RHB Rich Henley
|
0-0: Called Strike 0-1: Ball 1-1: Ball 2-1: Ball 3-1: SINGLE (Groundball, 56D) Eugenio Maldonado to third Herb Bunch to second
|
Batting: RHB Jesús Ramos
|
0-0: Ball 1-0: Grounds into fielders choice 6-2 (Groundball, 6) Herb Bunch to third Rich Henley to second
|
Batting: RHB Fernando Castellanos
|
0-0: Ball 1-0: Foul Ball, location: 2F 1-1: Swinging Strike 1-2: Ball 2-2: Ball 3-2: Foul Ball, location: 2F 3-2: Foul Ball, location: 2F 3-2: Foul Ball, location: 2F 3-2: Base on Balls Herb Bunch scores Rich Henley to third Jesús Ramos to second
|
Batting: SHB Álex Hernández
|
0-0: Foul Ball, location: 2F 0-1: Foul Ball, location: 2F 0-2: SINGLE (Line Drive, 78S) Rich Henley scores Jesús Ramos to third Fernando Castellanos to second
|
Batting: LHB Brian Easdale
|
0-0: Called Strike 0-1: Ball 1-1: Fly out, F8 (Flyball, 8LXD) Runner from 3rd tags up, SCORES, no throw
|
Batting: RHB Vincente Ramírez
|
0-0: Ball 1-0: Called Strike 1-1: SINGLE (Groundball, 56D) Fernando Castellanos to third Álex Hernández to second Runner from 3rd tries for Home, SAFE, no throw
|
Batting: LHB António Chávez
|
0-0: Ball 1-0: 3-RUN HOME RUN (Flyball, 9LD), Distance : 332 ft
|
Pitching: LHP Orlando Díaz
|
|
Batting: RHB Eugenio Maldonado
|
0-0: Ball 1-0: Ball 2-0: Foul Ball, location: 2F 2-1: Foul Ball, location: 2F 2-2: Ball 3-2: Base on Balls
|
Batting: RHB Herb Bunch
|
0-0: Ball 1-0: Foul Ball, location: 2F 1-1: Fly out, F4 (Popup, 34S)
|
Top of the 8th over - 7 runs, 4 hits, 0 errors, 1 left on base; Amarillo 13 - Richmond 4 |
BOTTOM OF THE 8TH |
Richmond Flairs batting - Pitching for Amarillo Archdukes : RHP Domingo León
|
Now in RF: José Gonzáles
|
|
Batting: RHB Miguel Hernández
|
0-0: Called Strike 0-1: Ball 1-1: Foul Ball, location: 2F 1-2: Ball 2-2: Strikes out swinging
|
Batting: LHB Roland Jones
|
0-0: Ball 1-0: Ball 2-0: Ball 3-0: Called Strike 3-1: Called Strike 3-2: Fly out, F8 (Flyball, 8LXD)
|
Batting: LHB R.J. Courtney
|
0-0: Ball 1-0: Ball 2-0: Called Strike 2-1: Called Strike 2-2: Strikes out swinging
|
Bottom of the 8th over - 0 runs, 0 hits, 0 errors, 0 left on base; Amarillo 13 - Richmond 4 |
TOP OF THE 9TH |
Amarillo Archdukes batting - Pitching for Richmond Flairs : LHP Orlando Díaz
|
Batting: RHB Rich Henley
|
0-0: Foul Ball, location: 2F 0-1: Ball 1-1: Ball 2-1: Ball 3-1: SINGLE (Groundball, 34D)
|
Pinch Hitting: RHB Oliver Lugo
|
0-0: Swinging Strike 0-1: Ball 1-1: Ball 2-1: Foul Ball, location: 2F 2-2: Strikes out looking
|
Batting: RHB Fernando Castellanos
|
0-0: Ball 1-0: Ball 2-0: Swinging Strike 2-1: Foul Ball, location: 2F 2-2: Ball 3-2: SINGLE (Groundball, 56D) Rich Henley to second
|
Batting: SHB Álex Hernández
|
0-0: Called Strike 0-1: Ball 1-1: Ball 2-1: Ball 3-1: Foul Ball, location: 2F 3-2: Foul Ball, location: 2F 3-2: SINGLE (Line Drive, 34D) Rich Henley to third Fernando Castellanos to second
|
Batting: LHB Brian Easdale
|
0-0: Ball 1-0: Ball 2-0: Called Strike 2-1: Ball 3-1: Called Strike 3-2: Base on Balls Rich Henley scores Fernando Castellanos to third Álex Hernández to second
|
Batting: RHB Vincente Ramírez
|
0-0: Swinging Strike 0-1: SINGLE (Flyball, 8LS) Fernando Castellanos scores Álex Hernández to third Brian Easdale to second Runner from 3rd tries for Home, SAFE, no throw
|
Pitching: RHP Don Pittman
|
|
Batting: SHB José Gonzáles
|
0-0: Ball 1-0: Ball 2-0: Ball 3-0: Called Strike 3-1: Fielders Choice at 2nd, 4-6 (Groundball, 4) Brian Easdale to third
|
Batting: RHB Eugenio Maldonado
|
0-0: Called Strike 0-1: Called Strike 0-2: Strikes out swinging
|
Top of the 9th over - 3 runs, 4 hits, 0 errors, 2 left on base; Amarillo 16 - Richmond 4 |
BOTTOM OF THE 9TH |
Richmond Flairs batting - Pitching for Amarillo Archdukes : RHP Domingo León
|
Now at 1B: Jeff Chambers
|
|
Now in CF: Oliver Lugo
|
|
Batting: RHB Christian Hudson
|
0-0: Ball 1-0: Ball 2-0: Foul Ball, location: 2F 2-1: Foul Ball, location: 2F 2-2: Strikes out swinging
|
Batting: RHB Alejandro Ramos
|
0-0: Reached on error, E6 (Groundball, 6)
|
Batting: RHB Lonson Seals
|
0-0: Ground out 4-3 (Groundball, 4M) Alejandro Ramos to third
|
Batting: RHB Jack Ray
|
0-0: Called Strike 0-1: Foul Ball, location: 2F 0-2: Ball 1-2: Strikes out swinging
|
Bottom of the 9th over - 0 runs, 0 hits, 1 error, 1 left on base; Amarillo 16 - Richmond 4 |
|